 Dungeon Crawl Stone Soup version 0.31.0-11-ge490571c62 (webtiles) character file.

Game seed: 13494278488476042796

90 qw the Shooter (level 4, -5/22 HPs)
             Began as a Spriggan Hunter on Feb 3, 2024.
             Was an Initiate of Okawaru.
             Slain by Duvessa
             ... wielding a +0 rapier
              (8 damage)
             ... on level 4 of the Dungeon.
             The game lasted 00:00:06 (1441 turns).

qw the Shooter (Spriggan Hunter)                    Turns: 1441, Time: 00:00:06

Health: -5/22      AC:  3    Str:  7    XL:     4   Next: 32%
Magic:  5/5        EV: 20    Int: 10    God:    Okawaru [......]
Gold:   47         SH:  0    Dex: 20    Spells: 3/3 levels left

rFire   . . .        a - +0 shortbow
rCold   . . .        (shield currently unavailable)
rNeg    . . .        c - +0 robe
rPois   +            (helmet restricted)
rElec   .            d - +0 cloak
rCorr   .            (gloves unavailable)
SInv    +            (boots unavailable)
Will    .....        e - amulet of faith
Stlth   ++           h - ring of poison resistance
HPRegen 0.23/turn    (no ring)
MPRegen 0.09/turn

%: faith
@: very quick
A: very small, no large weapons, unfitting armour, see invisible, speed 3
a: Renounce Religion


You were on level 4 of the Dungeon.
You worshipped Okawaru.
Okawaru was noncommittal.
You visited 2 branches of the dungeon, and saw 4 of its levels.

You collected 47 gold pieces.


Innate Abilities, Weirdness & Mutations

You are very small and have problems with some larger weapons.
You are too small for most types of armour.
You have supernaturally acute eyesight. (SInv)
You cover ground extremely quickly. (Speed+++)


   Skills:
 - Level 1.5 Fighting
 - Level 5.0 Ranged Weapons
 + Level 4.8 Dodging
 - Level 1.5 Stealth


You had 3 spell levels left.
You didn't know any spells.
Your spell library was empty.

Inventory:

Hand Weapons
 a - a +0 shortbow (weapon)
Armour
 c - a +0 robe (worn)
 d - a +0 cloak (worn)
Jewellery
 e - an amulet of faith (around neck)
 h - a ring of poison resistance (left hand)
Wands
 b - a wand of flame (22) (quivered)
Potions
 f - a potion of ambrosia {unknown}

Dungeon Overview and Level Annotations

Branches:
Dungeon (4/15)             Temple (1/1) D:4

Altars:
Cheibriados
Fedhas
Gozag
Hepliaklqana
Makhleb
Nemelex Xobeh
Okawaru
Qazlal
Ru
Trog
Uskayaw
Vehumet
Wu Jian
Xom
The Shining One

Annotations:
D:4 Dowan, Duvessa


Message History

1431 ||| RETREEEEATING.
The iguana hisses menacingly.
Enter note:
1432 ||| RETREEEEATING.
You start resting.
Duvessa is nearby!
1436 ||| ZAPPING wand of flame (27) at -1,-1 (Duvessa; floor).
Aiming: Throw Flame
Press: ? - help, Q - select action, (/) - cycle Shift-Dir - straight line, f/p - Duvessa The puff of flame hits Duvessa but does no damage.
Duvessa is lightly wounded.
Duvessa hits you with a +0 rapier.
1437 ||| ZAPPING wand of flame (26) at -1,-1 (Duvessa; floor).
Aiming: Throw Flame
Press: ? - help, Q - select action, (/) - cycle Shift-Dir - straight line, f/p - Duvessa The puff of flame hits Duvessa but does no damage.
Duvessa is lightly wounded.
Duvessa misses you.
Enter note:
1438 ||| RETREEEEATING.
1439 ||| ZAPPING wand of flame (25) at 0,-1 (Duvessa; floor).
Aiming: Throw Flame
Press: ? - help, Q - select action, (/) - cycle Shift-Dir - straight line, f/p - Duvessa The puff of flame hits Duvessa.
Duvessa is lightly wounded.
Duvessa misses you.
1440 ||| ZAPPING wand of flame (24) at 0,-1 (Duvessa; floor).
Aiming: Throw Flame
Press: ? - help, Q - select action, (/) - cycle Shift-Dir - straight line, f/p - Duvessa The puff of flame hits Duvessa but does no damage.
Duvessa is lightly wounded.
Duvessa hits you with a +0 rapier.
1441 ||| ZAPPING wand of flame (23) at 0,-1 (Duvessa; floor).
Aiming: Throw Flame
Press: ? - help, Q - select action, (/) - cycle Shift-Dir - straight line, f/p - Duvessa The puff of flame hits Duvessa but does no damage.
Duvessa is lightly wounded.
Dowan mumbles some strange words.
Dowan blinks!
Duvessa hits you with a +0 rapier!
You die...

#.# #.##..######.......#
#.######e##..# #..####.#
###......).##..######..####.##.
#..............................
#......)......##.####..####.###
#...........ยค....# #..# #.#
#.............l#.# #..# #.#
#............#e#.# #..# #.#
#............#@#.# #... ...
#............#.#.# ##..# #.#
#........e...#.#.. ... ...
#......le....#.###
#............#.#
#............#.#
#............#.#
#....#.8.#...#.#
###............#


You could see Duvessa, Dowan and an iguana.

Vanquished Creatures
  3 gnolls (D:4)
  2 adders (D:2)
  7 ball pythons
  3 endoplasms
  2 giant cockroaches (D:1)
  A goblin (D:1)
  4 hobgoblins (D:2)
  3 jackals (D:1)
  4 bats
  4 frilled lizards
  7 kobolds (D:1)
  5 rats
45 creatures vanquished.

Notes
Turn   | Place    | Note
-------+----------+-------------------------------------------
     0 | D:1      | qw the Spriggan Hunter began the quest for the Orb.
     0 | D:1      | Reached XP level 1. HP: 10/10 MP: 2/2
     0 | D:1      | 0 ||| qw: Version: 0.3-a-158-g18b3111
     0 | D:1      | 0 ||| qw: Game counter: 4232
     0 | D:1      | 0 ||| qw: Melee chars always use a shield: true
     0 | D:1      | 0 ||| qw: God list: Okawaru
     0 | D:1      | 0 ||| qw: Allow faded altars: false
     0 | D:1      | 0 ||| qw: Do Orc after clearing Dungeon:15 true
     0 | D:1      | 0 ||| qw: Do second Lair branch before Depths: true
     0 | D:1      | 0 ||| qw: Lair rune preference: random
     0 | D:1      | 0 ||| qw: Goals: Normal
     0 | D:1      | 0 ||| PLANNING D:1-11
    37 | D:1      | Reached skill level 3 in Dodging
   174 | D:1      | Reached XP level 2. HP: 7/14 MP: 3/3
   651 | D:1      | Reached XP level 3. HP: 15/18 MP: 4/4
   890 | D:1      | 890 ||| UPGRADING to +0 cloak.
   895 | D:1      | 895 ||| UPGRADING to amulet of faith.
   900 | D:1      | 900 ||| DROPPING scroll of butterflies.
  1207 | D:2      | Reached skill level 5 in Ranged Weapons
  1268 | D:2      | You fall into a shaft and drop 2 floors!
  1304 | D:4      | 1304 ||| RETREEEEATING.
  1305 | D:4      | 1305 ||| RETREEEEATING.
  1307 | D:4      | Reached XP level 4. HP: 22/22 MP: 5/5
  1362 | D:4      | Found a staircase to the Ecumenical Temple.
  1363 | D:4      | 1363 ||| PLANNING TEMPLE
  1363 | D:4      | 1363 ||| UPGRADING to ring of poison resistance.
  1364 | D:4      | 1364 ||| READING scroll labelled POEZEU EM USCH.
  1373 | Temple   | Found a transporter.
  1373 | Temple   | Found a transporter.
  1373 | Temple   | Found a transporter.
  1373 | Temple   | Found a transporter.
  1373 | Temple   | Entered the Ecumenical Temple
  1374 | Temple   | 1374 ||| PLANNING D:1-11
  1382 | Temple   | 1382 ||| PLANNING OKAWARU WORSHIP
  1387 | Temple   | Became a worshipper of Warmaster Okawaru
  1388 | Temple   | 1388 ||| PLANNING D:1-11
  1416 | D:4      | Noticed Duvessa
  1417 | D:4      | 1417 ||| ZAPPING wand of flame (31) at -7,1 (Duvessa;
                  | floor).
  1419 | D:4      | 1419 ||| ZAPPING wand of flame (30) at -5,1 (Duvessa;
                  | floor).
  1419 | D:4      | Noticed Dowan
  1420 | D:4      | 1420 ||| RETREEEEATING.
  1421 | D:4      | 1421 ||| ZAPPING wand of flame (29) at -2,2 (Duvessa;
                  | floor).
  1422 | D:4      | 1422 ||| RETREEEEATING.
  1423 | D:4      | 1423 ||| ZAPPING wand of flame (28) at -1,1 (Duvessa;
                  | floor).
  1424 | D:4      | 1424 ||| RETREEEEATING.
  1425 | D:4      | 1425 ||| RETREEEEATING.
  1426 | D:4      | 1426 ||| RETREEEEATING.
  1427 | D:4      | 1427 ||| RETREEEEATING.
  1428 | D:4      | 1428 ||| RETREEEEATING.
  1429 | D:4      | 1429 ||| RETREEEEATING.
  1430 | D:4      | 1430 ||| RETREEEEATING.
  1431 | D:4      | 1431 ||| RETREEEEATING.
  1432 | D:4      | 1432 ||| RETREEEEATING.
  1436 | D:4      | 1436 ||| ZAPPING wand of flame (27) at -1,-1 (Duvessa;
                  | floor).
  1437 | D:4      | 1437 ||| ZAPPING wand of flame (26) at -1,-1 (Duvessa;
                  | floor).
  1438 | D:4      | 1438 ||| RETREEEEATING.
  1439 | D:4      | 1439 ||| ZAPPING wand of flame (25) at 0,-1 (Duvessa;
                  | floor).
  1440 | D:4      | 1440 ||| ZAPPING wand of flame (24) at 0,-1 (Duvessa;
                  | floor).
  1440 | D:4      | HP: 3/22 [Duvessa/+0 rapier (5)]
  1441 | D:4      | 1441 ||| ZAPPING wand of flame (23) at 0,-1 (Duvessa;
                  | floor).
  1441 | D:4      | Slain by Duvessa

Levels and vault maps discovered:
D:1:      psy_arrival_spokes, layout_loops_corners, supply_closet_lemuel
D:2:      layout_loops_ring, hangedman_glass_teeth
D:4:      layout_basic, zin_angel, nicolae_kikubaaqudgha_miasma_corner,
          minmay_temple_entry_statues_pillars, uniq_duvessa
Temple:   hellmonk_temple_divided_pantheon

Skill      XL: |  1  2  3 |
---------------+----------+-----
Dodging        | 3 4 |  4.8
Ranged Weapons | 5 |  5.0
Fighting       | |  1.5
Stealth        | |  1.5

Action                     |  1- 3 |  4- 6 || total
---------------------------+-------+-------++-------
   Fire: Shortbow          |   104 |    17 ||   121
  Evoke: Wand              |       |     9 ||     9
    Use: Scroll            |       |     1 ||     1
 Armour: Robe              |    12 |     6 ||    18
  Dodge: Dodged            |    28 |    11 ||    39

Table legend:
 A = Non-vault XP
 B = Vault XP
 C = Vault XP percentage of total XP
 D = Non-vault monster count
 E = Vault monster count
 F = Vault count percentage of total count
                 A         B        C        D         E       F
            +---------+---------+-------+---------+---------+-------
      Total |     129 |       0 |   0.0 |      45 |       0 |   0.0
            +---------+---------+-------+---------+---------+-------
        D:1 |      43 |       0 |   0.0 |      30 |       0 |   0.0
        D:2 |      42 |       0 |   0.0 |      12 |       0 |   0.0
        D:4 |      44 |       0 |   0.0 |       3 |       0 |   0.0
            +---------+---------+-------+---------+---------+-------
